Map: Cactus Valley LE (Void)

Players

Bioice - Winner!

  • Race: Zerg Zerg
  • League: Grandmaster
  • Spawn Location: 11:00

Railgan

  • Race: Zerg Zerg
  • League: Grandmaster
  • Spawn Location: 5:00

VOD

Have the link to the VOD?

Description

Time

  • Played on: March 22, 2017, 6:59 p.m.
  • Length: 10:47
Show
View Real Time Build Order
Export as new Build Order

Bioice Zerg - Winner!

Build Orders: Hatch First 

Get SALT Encoding   

  12  0:00  Drone  
  13  0:13  Overlord  
  13  0:18  Drone  
  14  0:31  Drone x2  
  16  0:50  Hatchery  
  16  0:54  Drone  
  16  0:57  Drone  
  16  1:00  Drone  
  18  1:09  Extractor  
  17  1:15  Spawning Pool  
  17  1:18  Drone  
  17  1:22  Drone  
  18  1:29  Drone  
  19  1:39  Drone  
  20  1:49  Overlord  
  20  2:02  Queen x2  
  20  2:03  Zergling x4  
  26  2:11  Metabolic Boost  
  26  2:13  Drone x2  
  28  2:22  Drone  
  29  2:24  Drone  
  30  2:33  Drone  
  30  2:35  Drone, Baneling Nest  
  31  2:57  Hatchery, Overlord  
  30  2:59  Zergling x4  
  30  3:02  Drone  
  33  3:08  Drone x2  
  33  3:12  Drone  
  36  3:16  Drone x2  
  36  3:17  Drone  
  39  3:20  Drone  
  39  3:23  Drone  
  39  3:24  Drone  
  42  3:28  Drone  
  42  3:31  Overlord  
  43  3:38  Overlord  
  43  3:40  Drone  
  44  3:49  Drone x3  
  44  3:52  Drone x4  
  44  3:54  Extractor  
  44  3:55  Extractor  
  49  3:59  Drone  
  51  4:02  Drone  
  51  4:11  Lair, Evolution Chamber  
  51  4:12  Roach Warren  
  51  4:15  Queen  
  51  4:20  Drone x2  
  51  4:22  Drone  
  54  4:26  Drone x2  
  56  4:32  Drone  
  57  4:38  Drone  
  57  4:41  Drone  
  57  4:42  Drone x5  
  64  4:45  Drone x2  
  64  4:48  Overlord x2  
  64  4:52  Drone  
  65  4:56  Extractor  
  65  4:57  Overlord x2  
  64  5:07  Overlord  
  64  5:08  Zerg Missile Weapons Level 1, Glial Reconstitution  
  64  5:14  Roach x5  
  76  5:21  Roach x2  
  76  5:22  Roach x2  
  76  5:26  Overlord  
  82  5:30  Roach x3  
  82  5:34  Overlord x2  
  88  5:38  Roach x2  
  88  5:42  Overlord, Unknown  
  90  5:43  Roach  
  90  5:44  Roach  
  90  5:46  Ravager x2  
  90  5:47  Ravager x2  
  90  5:49  Roach  
  100  5:53  Roach x2  
  100  5:54  Roach  
  100  5:56  Overlord  
  106  6:01  Roach x2  
  106  6:03  Overseer  
  110  6:05  Roach x2  
  110  6:10  Roach x3  
  120  6:17  Roach x3  
  126  6:22  Overlord  
  126  6:23  Roach x2  
  130  6:26  Overlord  
  130  6:30  Overlord  
  125  6:47  Roach  
  125  6:48  Roach x9  
  145  6:58  Roach x3  
  151  7:03  Zerg Missile Weapons Level 2  
  151  7:06  Extractor  
  151  7:07  Hatchery  
  149  7:11  Drone  
  149  7:13  Roach x2  
  144  7:35  Drone  
  144  7:36  Drone x10  
  149  7:38  Drone x2  
  149  7:43  Queen  
  153  7:44  Overlord x4  
  148  7:52  Roach x2  
  148  7:53  Roach  
  154  7:59  Overlord x3  
  154  8:04  Ravager x3  
  154  8:05  Ravager x2  
  159  8:08  Roach  
  161  8:13  Roach x3  
  161  8:14  Roach x2  
  161  8:18  Roach x3  
  177  8:25  Roach x3  
  177  8:26  Roach  
  179  8:32  Roach  
  179  8:33  Roach  
  153  8:42  Roach x3  
  153  8:46  Roach x5  
  162  8:51  Roach x3  
  168  8:58  Roach x3  
  168  9:02  Roach  
  170  9:06  Roach x2  
  170  9:09  Roach  
  176  9:13  Roach  
  176  9:14  Overseer  
  176  9:16  Roach x2  
  182  9:22  Roach  
  184  9:26  Roach x4  
  184  9:27  Roach x4  
  200  9:42  Overlord  
  200  10:14  Hatchery  
Show
View Real Time Build Order
Export as new Build Order

Railgan Zerg 

Build Orders: Pool First 

Get SALT Encoding   

  12  0:01  Drone  
  13  0:12  Overlord  
  13  0:18  Drone  
  14  0:31  Drone x2  
  16  0:36  Drone  
  17  0:46  Spawning Pool  
  17  0:49  Drone  
  17  0:57  Drone  
  18  1:12  Hatchery  
  18  1:14  Extractor  
  18  1:18  Drone  
  17  1:21  Drone  
  18  1:33  Queen  
  18  1:34  Zergling x2  
  18  1:39  Drone  
  22  1:49  Overlord  
  22  2:08  Drone, Queen  
  23  2:11  Drone  
  26  2:24  Queen  
  26  2:25  Drone x2  
  30  2:33  Drone  
  31  2:37  Drone  
  31  2:43  Baneling Nest  
  31  2:44  Drone x3  
  31  2:51  Overlord, Zergling x2  
  34  3:01  Lair  
  34  3:07  Drone  
  35  3:19  Roach Warren, Evolution Chamber  
  33  3:22  Drone x4  
  33  3:26  Extractor  
  33  3:27  Baneling  
  36  3:31  Overlord  
  36  3:32  Drone x2  
  38  3:38  Drone x2  
  40  3:43  Extractor  
  40  3:45  Baneling, Zerg Missile Weapons Level 1  
  39  3:50  Drone x2  
  39  3:51  Drone  
  42  3:57  Overlord  
  42  3:58  Drone  
  42  4:01  Drone x2  
  45  4:05  Glial Reconstitution  
  45  4:07  Drone  
  45  4:09  Drone  
  47  4:14  Drone  
  47  4:15  Drone x2  
  50  4:31  Drone  
  51  4:34  Roach x3  
  51  4:35  Roach  
  59  4:44  Overlord  
  58  4:46  Overlord  
  58  4:48  Extractor, Drone  
  58  4:49  Overlord  
  58  4:52  Overlord x2  
  58  4:53  Overlord  
  58  4:55  Overseer  
  58  5:08  Roach x4  
  58  5:13  Roach x2  
  70  5:27  Roach x4  
  78  5:29  Hatchery  
  78  5:32  Roach  
  79  5:38  Roach  
  79  5:39  Roach  
  79  5:41  Zerg Missile Weapons Level 2  
  83  5:44  Drone  
  83  5:46  Roach  
  86  5:50  Roach  
  86  5:54  Roach  
  86  5:55  Roach  
  90  6:05  Roach x4  
  90  6:09  Ravager x3  
  90  6:11  Ravager  
  102  6:12  Overlord  
  102  6:15  Roach  
  102  6:18  Roach  
  106  6:24  Roach  
  108  6:26  Overlord  
  108  6:29  Overlord  
  102  6:47  Roach x4  
  102  6:48  Roach x4  
  102  6:49  Drone  
  117  6:58  Ravager x2  
  117  6:59  Ravager  
  117  7:00  Roach  
  122  7:04  Overlord  
  122  7:06  Roach x2  
  122  7:07  Roach  
  128  7:12  Roach x2  
  132  7:17  Roach  
  134  7:25  Roach x4  
  134  7:27  Drone  
  135  7:34  Drone x2  
  135  7:36  Roach  
  139  7:41  Roach  
  139  7:42  Overlord, Roach x2  
  145  7:45  Overlord  
  139  7:52  Overlord  
  139  7:53  Drone  
  139  7:54  Drone x2  
  139  7:57  Roach  
  144  8:04  Overlord  
  144  8:06  Roach x2  
  144  8:09  Ravager x4  
  144  8:11  Roach  
  154  8:13  Roach  
  154  8:17  Roach  
  158  8:20  Roach x2  
  158  8:31  Roach  
  158  8:32  Roach x2  
  154  8:39  Roach  
  154  8:40  Roach  
  138  8:46  Drone x3  
  138  8:47  Drone x5  
  140  8:56  Drone  
  140  8:57  Drone x3  
  140  8:58  Roach  
  140  8:59  Roach x2  
  140  9:01  Extractor  
  149  9:03  Extractor  
  148  9:15  Hatchery  
  147  9:28  Drone  
  147  9:29  Drone  
  149  9:34  Roach  
  149  9:36  Hydralisk Den  
  150  9:49  Overlord, Roach x14  
  178  9:53  Overlord  
  178  9:55  Overlord  
  178  9:59  Overlord  
  178  10:09  Hydralisk x2, Overlord  
  178  10:11  Ravager  
  178  10:14  Hydralisk, Ravager  
  172  10:24  Roach  
Tags
 
Add a new tag
Caveats
  • Supply blocks, unpowered buildings, or Contaminate may cause inaccurate times.
  • Supply counts are checked every 10 seconds.